 Dungeon Crawl Stone Soup version 0.28-a0-1147-gc7b72d3202 (webtiles) character file.

Game seed: 8153245693770236743

14 GenialerGandalf the Skirmisher (level 2, -1/27 HPs)
             Began as a Hill Orc Fighter on Dec 14, 2021.
             Hit by a goblin thrown by Robin (2 damage)
             ... on level 2 of the Dungeon.
             The game lasted 00:01:09 (243 turns).

GenialerGandalf the Skirmisher (Hill Orc Fighter)    Turns: 243, Time: 00:01:10

Health: -1/27      AC:  6    Str: 18    XL:     2   Next: 41%
Magic:  2/2        EV:  9    Int:  8    God:
Gold:   0          SH:  4    Dex: 10    Spells: 1/1 levels left

rFire   . . .      SeeInvis .   a - +0 war axe
rCold   . . .      Faith    .   c - +0 buckler
rNeg    . . .      Spirit   .   b - +0 scale mail
rPois   .          Reflect  .   (no helmet)
rElec   .          Harm     .   (no cloak)
rCorr   .          Rampage  .   (no gloves)
Will    .....                   (no boots)
Stlth   ..........              (no amulet)
HPRegen 0.09/turn               (no ring)
MPRegen 0.08/turn               (no ring)

@: no status effects
A: no striking features
a: no special abilities


You were on level 2 of the Dungeon.
You visited 1 branch of the dungeon, and saw 2 of its levels.

Inventory:

Hand Weapons
 a - a +0 war axe (weapon)
Armour
 b - a +0 scale mail (worn)
 c - a +0 buckler (worn)
Potions
 d - a potion of might


   Skills:
 + Level 3.8 Fighting
 + Level 3.1 Axes
 + Level 3.4 Armour
 + Level 3.5 Shields


You had one spell level left.
You didn't know any spells.
Your spell library was empty.

Dungeon Overview and Level Annotations

Branches:
Dungeon (2/15)

Altars:

Annotations:
D:2 Robin


Message History

The goblins go into a battle-frenzy!
Robin roars a battlecry!
The goblin goes into a battle-frenzy!
You hear a shout! x3
You slash the goblin!
You kill the goblin!
You closely miss the hobgoblin.
A goblin comes into view. It is wielding a +0 club.
The hobgoblin hits you. Robin throws the goblin at you!
The hobgoblin hits you. x2
Things that are here:
a +0 dagger; a goblin corpse You closely miss the hobgoblin.
You hit the goblin. You hit the hobgoblin but do no damage.
You barely miss the goblin. You slash the goblin!
You kill the goblin!
The goblin hits you with a +0 club. The goblin barely misses you.
The hobgoblin hits you but does no damage.
A goblin comes into view. It is wielding a +0 club.
You block the hobgoblin's attack.
You closely miss the hobgoblin. You hit the goblin. You hit the hobgoblin.
You hit the goblin.
You kill the goblin!
The goblin hits you but does no damage. The hobgoblin closely misses you.
The hobgoblin barely misses you.
Robin hits you from afar with a +0 trident.
* * * LOW HITPOINT WARNING * * *
The goblin hits you with a +0 club.
* * * LOW HITPOINT WARNING * * *
The hobgoblin closely misses you.
A goblin comes into view. It is wielding a +0 club.
The hobgoblin hits you.
* * * LOW HITPOINT WARNING * * *
You block the hobgoblin's attack.
Things that are here:
a +0 club; a goblin corpse The goblin shouts!
A goblin comes into view. It is wielding a +0 club.
Robin throws the goblin at you!
You die...

.. ... ##....
.#.... ......
## #####......
...##..@g#
#.......# .
###..ggg##....
#...).....#
#...g)......
#.....####.#
###.g## # ##.g
..#


You could see Robin, 2 hobgoblins and 4 goblins.

Vanquished Creatures
  An endoplasm (D:1)
  A giant cockroach (D:1)
  3 goblins (D:2)
  2 hobgoblins (D:1)
  A quokka (D:1)
  A kobold (D:1)
  3 rats (D:1)
12 creatures vanquished.

Notes
Turn   | Place    | Note
-------+----------+-------------------------------------------
     0 | D:1      | GenialerGandalf the Hill Orc Fighter began the quest for
                  | the Orb.
     0 | D:1      | Reached XP level 1. HP: 19/19 MP: 1/1
   223 | D:1      | Reached XP level 2. HP: 23/27 MP: 2/2
   235 | D:2      | Noticed Robin
   241 | D:2      | HP: 1/27 [hobgoblin[Robin] (2)]
   243 | D:2      | Hit by a goblin thrown by Robin

Illustrated notes

Levels and vault maps discovered:
D:1:      minmay_arrival_stair_chambers, layout_basic,
          hellmonk_ecumenical_altar_crossroads
D:2:      layout_rooms, minmay_split_cup_small, uniq_robin

Skill      XL: |  1 |
---------------+----+-----
Axes           | 3 |  3.1
Fighting       | |  3.8
Armour         | |  3.4
Shields        | |  3.5

Action                   || total
-------------------------++-------
Melee: War axe           ||    20
Armor: Scale mail        ||    14
Dodge: Dodged            ||    13
Block: Buckler           ||     8

Table legend: (Time is in decaauts)
 A = Elapsed time spent in this place.
 B = Non-inter-level travel time spent in this place.
 C = Inter-level travel time spent in this place.
 D = Time resting spent in this place.
 E = Time spent auto-exploring this place.
 F = Levels seen in this place.
 G = Mean time per level.
                   A        B        C        D        E       F      G
               +--------+--------+--------+--------+--------+-----+--------+
         Total |    250 |    250 |      0 |      0 |      6 |   2 |  125.0 |
       Dungeon |    250 |    250 |      0 |      0 |      6 |   2 |  125.0 |
               +--------+--------+--------+--------+--------+-----+--------+

Top non-repeatable levels by time:
     D:1: 240 daAuts
     D:2: 9 daAuts
